 Dungeon Crawl Stone Soup version 0.27.1-37-g7b29ead8ac (console) character file.

Game seed: 1002328018795506774

6519 grimtooth the Frost Mage (level 10, -2/83 HPs)
             Began as a Demigod Ice Elementalist on Mar 27, 2023.
             Slain by Snorg (12 damage)
             ... on level 10 of the Dungeon.
             The game lasted 01:06:16 (14423 turns).

grimtooth the Frost Mage (DgIE)                    Turns: 14423, Time: 01:06:17

Health: -2/83      AC:  5    Str:  9    XL:     10   Next: 42%
Magic:  13/22      EV: 12    Int: 29    God:
Gold:   505        SH:  0    Dex: 14    Spells: 5/21 levels left

rFire    + . .     SeeInvis .   L - +2 short sword (drain)
rCold    . . .     Faith    .   (no shield)
rNeg     . . .     Spirit   .   a - +0 robe
rPois    .         Reflect  .   m - +1 helmet
rElec    .         Harm     .   (no cloak)
rCorr    .         Rampage  .   (no gloves)
Will     +....                  z - +0 pair of boots
Stlth    +.........             (no amulet)
HPRegen  0.23/turn              P - ring of protection from fire
MPRegen  0.18/turn              (no ring)

@: mighty, silenced
A: high mp 1, forlorn
a: no special abilities


You were on level 10 of the Dungeon.
You visited 1 branch of the dungeon, and saw 10 of its levels.
You also visited: Ossuary.

You collected 505 gold pieces.

Inventory:

Hand Weapons
 K - a +0 short sword of venom
 L - a +2 short sword of draining (weapon)
Missiles
 i - 92 poisoned darts (quivered)
 l - 47 stones
 p - 7 boomerangs
 y - 5 javelins
 G - 33 sling bullets
 J - a curare-tipped dart
Armour
 a - a +0 robe (worn)
 e - +0 acid dragon scales
 m - a +1 helmet (worn)
 z - a +0 pair of boots (worn)
 B - a +0 scale mail of positive energy
Magical Staves
 O - a staff of earth
Jewellery
 P - a ring of protection from fire (left hand)
Wands
 f - a wand of flame (42)
 n - a wand of digging (7)
 I - a wand of iceblast (9)
Scrolls
 b - 2 scrolls of blinking {unknown}
 c - 2 scrolls of enchant armour
 d - a scroll of acquirement {unknown}
 h - 2 scrolls of noise {unknown}
 o - 2 scrolls of amnesia {unknown}
 q - 2 scrolls of silence
 s - 6 scrolls of identify {@r4}
 t - 2 scrolls of vulnerability {unknown}
 u - a scroll of fear {unknown}
 x - a scroll of teleportation {unknown}
 A - a scroll of immolation {unknown}
 F - 4 scrolls of enchant weapon
 H - a scroll of brand weapon {unknown}
 N - a scroll of magic mapping {unknown}
Potions
 g - 5 potions of flight {unknown}
 j - 3 potions of degeneration {unknown}
 k - 4 potions of might
 r - a potion of lignification {unknown}
 v - a potion of haste {unknown}
 w - 2 potions of attraction {unknown}
 C - 9 potions of curing
 D - a potion of heal wounds {unknown}
 E - 2 potions of resistance {unknown}
Miscellaneous
 M - a phial of floods (inert)


   Skills:
 - Level 6.0 Fighting
 - Level 1.7 Dodging
 - Level 1.7 Stealth
 - Level 6.0 Spellcasting
 + Level 4.6 Conjurations
 - Level 3.0 Summonings
 + Level 11.2 Ice Magic


You had 5 spell levels left.
You knew the following spells:

 Your Spells              Type           Power      Damage    Failure   Level
a - Freeze                Ice            100%       1d11      1%          1
b - Frozen Ramparts       Ice            100%       1d12      1%          3
h - Hailstorm             Conj/Ice       53%        3d12      2%          4
o - Ozocubu's Armour      Ice            65%        N/A       1%          3
B - Summon Ice Beast      Ice/Summ       49%        N/A       3%          4
M - Summon Small Mammal   Summ           100%       N/A       1%          1

Your spell library contained the following spells:

 Spells                   Type           Power      Damage    Failure   Level
 Shock                    Conj/Air       88%        1d8       2%          1
 Call Canine Familiar     Summ           26%        N/A       4%          3
 Animate Skeleton         Necr           16%        N/A       5%          1
 Apportation              Tloc           16%        N/A       5%          1
 Corona                   Hex            8%         N/A       5%          1
 Ice Form                 Ice/Tmut       41%        N/A       5%          4
 Blink                    Tloc           N/A        N/A       9%          2
 Corpse Rot               Necr/Air       N/A        N/A       9%          2
 Poisonous Vapours        Pois/Air       16%        N/A       9%          2
 Lesser Beckoning         Tloc           4%         N/A       17%         3
 Portal Projectile        Hex/Tloc       16%        N/A       17%         3
 Swiftness                Air            8%         N/A       17%         3
 Freezing Cloud           Conj/Ice/Air   19%        6-21      19%         5
 Iskenderun's Battlesphe  Conj           35%        2d9       24%         5
 Airstrike                Air            4%         N/A       50%         4
 Leda's Liquefaction      Hex/Erth       4%         N/A       50%         4
 Manifold Assault         Tloc           8%         N/A       83%         5
 Iron Shot                Conj/Erth      11%        9d3       98%         6
 Spellforged Servitor     Conj/Summ      15%        N/A       100%        7


Dungeon Overview and Level Annotations

Branches:
Dungeon (10/15)            Temple (0/1) D:4            Lair (0/6) D:9
Ossuary (visited)
    Orc: D:9-12

Annotations:
D:4 dig, 2 transporters, cbfl8's ghost, amateur MiMo
D:10 Snorg


Innate Abilities, Weirdness & Mutations

Your attributes grow dramatically as you level up.
You have an increased reservoir of magic. (+10% MP)
You shall have no god before yourself.


Message History

Press: ? - help, v - describe, . - travel
Here: Snorg (moderately wounded)
An open door.
Aim the phial where?
Press: ? - help, Shift-Dir - straight line, f/p - Snorg
Aim: Snorg (moderately wounded)
The torrent of water hits Snorg!
Snorg is heavily wounded.
The wave splashes down.
Splash!
You fall into the shallow water.
Moving in this stuff is going to be slow.
You hear a shout! x7; You hear an angry buzzing noise.
The wall freezes Snorg!
Snorg bites you.
* * * LOW HITPOINT WARNING * * *
Snorg barely misses you. Snorg claws you but does no damage.
Your icy armour and frozen ramparts will break if you move.
Continue?
Your icy armour cracks and falls away as you move.
The frozen ramparts melt away as you move.
There is an open door here.
Things that are here:
a +0 club; a +0 chain mail; an orc corpse
As you read the scroll labelled UCVOYN QESCH, it crumbles to dust.
A profound silence engulfs you.
It was a scroll of silence.
Snorg bites you!
* * * LOW HITPOINT WARNING * * *
Snorg claws you!
* * * LOW HITPOINT WARNING * * *
Snorg claws you but does no damage.
Snorg goes berserk!
Which direction?
You close the door, pushing everything out of the way.
Snorg opens the door.
Enter note: - crap
Okay, then.
Magic scrolls do not work when you're silenced!
Unknown command.
It was a potion of might.
You feel very mighty all of a sudden. Snorg bites you!
You die...

...#.#............
...#.'......#.#.#.
...###............
...# #####'#######
#### #...# .. #
###.# .# ##### #.##
##'###. ....#
#..### .......
....+ ##...#
....... ....#
######'## .......
....#
#......@###≈......
.>..#
.'......)T['≈......
.>..#
##......)###≈......
....# #.......#
....... #####
#.......# .......
######### #######


You could see Snorg (berserk).

Vanquished Creatures
  A two-headed ogre (D:9)
  2 trolls (D:9)
  Grinder (D:6)
  A shadow (D:6)
  2 wyverns
  4 yaks (D:10)
  2 steam dragons (D:9)
  An acid dragon (D:8)
  2 water moccasins
  2 orc warriors
  4 black bears
  4 sky beasts
  5 ogres
  4 centaurs
  A necrophage (D:4)
  A kobold brigand (D:8)
  2 bullfrogs
  A wyvern zombie (D:8)
  A scorpion (D:5)
  4 water moccasin zombies (Ossuary)
  2 howler monkeys (D:9)
  7 wights
  A centaur zombie (D:7)
  A hound (D:4)
  An orc priest (D:10)
  A centaur skeleton (D:7)
  2 iguanas
  Ijyb (D:3)
  6 orc wizards
  A killer bee zombie (D:7)
  2 mummies (Ossuary)
  Robin (D:2)
  A howler monkey zombie (D:9)
  3 adders
  A shadow imp (D:5)
  2 white imps (D:5)
  4 adder zombies (Ossuary)
  A worm (D:2)
  3 dart slugs
  16 orcs
  4 ball pythons
  4 bats
  6 endoplasms
  5 giant cockroaches
  3 gnoll zombies (Ossuary)
  12 goblins
  12 hobgoblins
  6 jackals
  5 quokkas
  3 frilled lizards
  7 hobgoblin zombies (Ossuary)
  11 kobolds
  4 kobold zombies (Ossuary)
  7 orc zombies (Ossuary)
  4 rats (D:1)
195 creatures vanquished.

Vanquished Creatures (collateral kills)
  A centaur zombie (D:9)
  A wraith (D:9)
  2 wyvern zombies
  2 wights (D:8)
  An iguana (D:6)
  A white imp (D:6)
8 creatures vanquished.

Vanquished Creatures (others)
  2 withered plants (D:8)
2 creatures vanquished.

Grand Total: 205 creatures vanquished

Notes
Turn   | Place    | Note
-------+----------+-------------------------------------------
     0 | D:1      | grimtooth the Demigod Ice Elementalist began the quest for
                  | the Orb.
     0 | D:1      | Reached XP level 1. HP: 14/14 MP: 5/5
   360 | D:1      | Reached skill level 4 in Ice Magic
   403 | D:1      | Reached XP level 2. HP: 14/20 MP: 2/7
  1294 | D:1      | Reached XP level 3. HP: 21/26 MP: 4/8
  1904 | D:2      | Learned a level 3 spell: Ozocubu's Armour
  1917 | D:2      | Reached skill level 5 in Ice Magic
  2533 | D:2      | Reached XP level 4. HP: 31/33 MP: 3/9
  2615 | D:2      | Noticed Robin
  2624 | D:2      | Killed Robin
  2901 | D:3      | Noticed Ijyb
  2912 | D:3      | Killed Ijyb
  3717 | D:4      | Reached skill level 6 in Ice Magic
  3720 | D:4      | Reached XP level 5. HP: 38/38 MP: 6/10
  3768 | D:4      | Noticed a necrophage
  3820 | D:4      | Killed a necrophage
  4029 | D:4      | Learned a level 3 spell: Frozen Ramparts
  4396 | D:4      | Found a transporter.
  4430 | D:4      | Noticed cbfl8's ghost (amateur MiMo)
  4478 | D:4      | Found a transporter.
  4607 | D:4      | Reached XP level 6. HP: 45/45 MP: 10/13
  4847 | D:4      | Found a staircase to the Ecumenical Temple.
  4932 | D:5      | Entered Level 5 of the Dungeon
  5208 | D:5      | Reached skill level 7 in Ice Magic
  5435 | D:5      | Reached XP level 7. HP: 50/50 MP: 7/14
  5759 | D:5      | Learned a level 1 spell: Summon Small Mammal
  5764 | D:5      | Learned a level 4 spell: Hailstorm
  6578 | D:5      | Reached skill level 8 in Ice Magic
  7102 | D:6      | HP: 2/50 [wyvern zombie (9)]
  7440 | D:6      | Noticed a shadow
  7565 | D:6      | Noticed Grinder
  7593 | D:6      | Killed Grinder
  7860 | D:7      | Reached skill level 9 in Ice Magic
  7860 | D:7      | Reached XP level 8. HP: 57/57 MP: 9/17
  8121 | D:7      | Reached skill level 5 in Spellcasting
  8171 | D:7      | Found a sand-covered staircase.
  8188 | Ossuary  | Entered an ossuary
  8370 | Ossuary  | Reached skill level 1 in Conjurations
  8370 | Ossuary  | Reached skill level 1 in Summonings
  9134 | D:7      | Learned a level 4 spell: Summon Ice Beast
 10432 | D:6      | Reached XP level 9. HP: 62/62 MP: 12/21
 11392 | D:8      | Reached skill level 1 in Fighting
 12082 | D:8      | Reached skill level 10 in Ice Magic
 13107 | D:9      | Noticed a two-headed ogre
 13109 | D:9      | Found a staircase to the Lair.
 13121 | D:9      | Killed a two-headed ogre
 13122 | D:9      | Reached skill level 5 in Fighting
 13122 | D:9      | Reached XP level 10. HP: 73/82 MP: 9/22
 13705 | D:9      | Identified the +10 triple sword of Dienumu {pain, Str+3
                  | Int-5}
 14223 | D:10     | Entered Level 10 of the Dungeon
 14309 | D:10     | Reached skill level 11 in Ice Magic
 14408 | D:10     | Noticed Snorg
 14423 | D:10     | - crap
 14423 | D:10     | Slain by Snorg

Illustrated notes

...#.#............
...#.'......#.#.#.
...###............
...# #####'#######
#### #...# .. #
###.# .# ##### #.##
##'###. ....#
#..### .......
....+ ##...#
....... ....#
######'## .......
....#
#......@###≈......
.>..#
.'......)T['≈......
.>..#
##......)###≈......
....# #.......#
....... #####
#.......# .......
######### #######


Turn 14423 on D:10: - crap

Levels and vault maps discovered:
D:1:      evilmike_arrival_crescent, layout_basic, minmay_indecisive_spiral
D:2:      layout_loops_ring, shapermc_ecumenical_altar_pompeii,
          minmay_misc_feat_room, uniq_robin
D:3:      layout_basic, uniq_ijyb
D:4:      cheibrodos_quashed, layout_basic, nicolae_elyvilon_peaceful_grove,
          ashenzari_conservatory_becter, minmay_temple_entry_fiery,
          gammafunk_ghost_abyssal_escape, minmay_hedge_maze
D:5:      layout_loops_ring, kennysheep_generic_room_9
D:6:      layout_rooms, grunt_temple_overflow_cloverleaf,
          kennysheep_small_circle, uniq_grinder
D:7:      layout_rooms, kennysheep_little_box,
          lightli_ossuary_entry_decrepit_ruins
D:8:      layout_basic, yredelemnul_altar_generic, nrook_uturn
D:9:      layout_long_grid, lair_entry_dummy, hangedman_misty_isle
D:10:     layout_roguey [special_room_orc], serial_glass, glass_columns_c,
          glass_columns_b, glass_columns_b, feat_on_display,
          lemuel_another_geyser, uniq_snorg, uniq_joseph

Skill      XL: |  1  2  3  4  5  6  7  8  9 10 |
---------------+-------------------------------+-----
Ice Magic      | 4 5 6 7 9 10 11 | 11.2
Spellcasting   | 3 4 6 |  6.0
Conjurations   | 3 4 |  4.6
Summonings     | 3 |  3.0
Fighting       | 5 6 |  6.0
Dodging        | |  1.7
Stealth        | |  1.7

Action                   |  1- 3 |  4- 6 |  7- 9 | 10-12 || total
-------------------------+-------+-------+-------+-------++-------
Melee: Dagger            |     3 |     9 |   314 |       ||   326
       Unarmed           |     1 |       |       |       ||     1
       Short sword       |       |       |    42 |    23 ||    65
Throw: Dart              |       |    14 |    24 |     2 ||    40
       Javelin           |       |     2 |     7 |       ||     9
       Boomerang         |       |     2 |     4 |       ||     6
       Stone             |       |       |    18 |       ||    18
 Cast: Freeze            |    80 |    82 |    62 |     5 ||   229
       Ozocubu's Armour  |       |     4 |    51 |     8 ||    63
       Summon Small Mamm |       |       |    14 |       ||    14
       Frozen Ramparts   |       |       |    17 |     8 ||    25
       Hailstorm         |       |       |    54 |     8 ||    62
       Summon Ice Beast  |       |       |     7 |     1 ||     8
Evoke: Wand              |       |       |     3 |       ||     3
       Phial of floods   |       |       |       |     1 ||     1
  Use: Scroll            |       |       |     2 |     2 ||     4
       Potion            |       |       |       |     1 ||     1
 Stab: Distracted        |       |       |     1 |       ||     1
Armor: Robe              |     8 |    12 |   216 |    15 ||   251
Dodge: Dodged            |    23 |    46 |   254 |    24 ||   347
